AoeStats
← 0253290

Arena

510076415Analyzed
1v1 RM · 2d ago on Sep 29, 2026· 51m 30s· 2 players
Game mode
Random Map
Map size
Tiny (2 player)
Population
200
Speed
Normal
Resources
Standard
Victory
Conquest
Starting age
Dark Age
Ending age
Imperial Age
RankedLock teamsTeams togetherTeam positionsShared explorationLock speedFull tech treeHidden civsTurbo modeCheats
Victory
Defeat
🇿🇦 Poles · South Africa
860
+16
🇨🇳 Teutons · China
864
-16
tinus14714
12:09 Feudal Age
12:33 Horse Collar
12:40 Double-Bit Axe
22:02 Castle Age
21:19 Fletching
21:40 Forging
22:22 Pikeman
22:24 Elite Skirmisher
23:28 Bodkin Arrow
32:11 Imperial Age
31:40 Szlachta Privileges
32:39 Iron Casting
39:59 Man-at-Arms
40:41 Long Swordsman
42:52 Two-Handed Swordsman
46:30 Champion
50:42 Blast Furnace
0253290
11:11 Feudal Age
15:59 Castle Age
15:09 Double-Bit Axe
18:24 Horse Collar
18:39 Gold Mining
18:52 Loom
23:05 Wheelbarrow
22:16 Town Watch
22:35 Town Watch
24:54 Hand Cart
25:02 Stone Mining
25:29 Bow Saw
27:11 Ballistics
26:45 Fletching
27:08 Forging
27:15 Masonry
27:10 Heavy Plow
27:52 Stone Shaft Mining
30:47 Fortified Wall
31:59 Bodkin Arrow
34:38 Imperial Age
32:13 Town Patrol
32:33 Forging
33:07 Squires
32:53 Arson
35:48 Iron Casting
35:14 Scale Mail Armor
36:40 Conscription
37:44 Blast Furnace
36:40 Arrowslits
39:50 Gambesons
39:25 Man-at-Arms
40:56 Long Swordsman
43:02 Hoardings
42:06 Two-Handed Swordsman
43:36 Champion
45:38 Blast Furnace
46:02 Chain Mail Armor
Connection lost

Rejoining the realm…

Still unreachable

The connection could not be restored.

Session expired

The server has moved on; the page needs a fresh start.